 Dungeon Sprint DCSS version 0.30-a0-591-g3c58d2bc28 (webtiles) character file.

Game seed: 1555942451377419640

206 rocky1 the Geomancer (level 5, 0/28 HPs)
             Began as a Deep Elf Earth Elementalist on Jan 6, 2023.
             Was an Initiate of Vehumet.
             Killed from afar by a deep elf pyromancer (28 damage)
             ... with a bolt of fire
             ... in the Dungeon (Sprint III: "The Ten Rune Challenge").
             The game lasted 00:01:54 (312 turns).

rocky1 the Geomancer (Deep Elf Earth Elementalist)   Turns: 312, Time: 00:01:55

Health: 0/28       AC:  2    Str:  5    XL:     5   Next: 53%
Magic:  12/18      EV: 13    Int: 20    God:    Vehumet [......]
Gold:   22         SH:  0    Dex: 17    Spells: 7/21 levels left

rFire   . . .      SeeInvis .    n - +0 dagger
rCold   . . .      Faith    .    (no shield)
rNeg    . . .      Spirit   .    a - +0 robe
rPois   .          Reflect  .    (no helmet)
rElec   .          Harm     .    (no cloak)
rCorr   .          Rampage  .    (no gloves)
Will    .....      NoTele   +    (no boots)
Stlth   ++                       (no amulet)
HPRegen 0.24/turn                (no ring)
MPRegen 0.16/turn                (no ring)

@: no status effects
A: no striking features
a: Renounce Religion


You were in the Dungeon.
You worshipped Vehumet.
Vehumet was noncommittal.
You visited 1 branch You collected 22 gold pieces.

Inventory:

Hand Weapons
 n - a +0 dagger (weapon)
Armour
 a - a +0 robe (worn)
Wands
 h - a wand of roots (13)
Scrolls
 g - a scroll of blinking
 i - a scroll of magic mapping {unknown}
 j - 2 scrolls of immolation {unknown}
 k - 2 scrolls of identify {unknown}
Potions
 b - 3 potions of magic
 c - 2 potions of curing
 d - 2 potions of heal wounds
 e - a potion of haste
 f - a potion of berserk rage
 l - a potion of resistance {unknown}
 m - 5 potions of mutation


   Skills:
 - Level 2.4 Dodging
 - Level 2.4 Stealth
 + Level 8.8 Spellcasting
 + Level 3.6 Conjurations
 - Level 1.1 Transmutations
 * Level 10.3 Earth Magic


You had 7 spell levels left.
You knew the following spells:

 Your Spells              Type           Power      Damage    Failure   Level
a - Sandblast             Erth           100%       2d20      1%          1
b - Passwall              Tmut/Erth      25%        N/A       1%          2
c - Stone Arrow           Conj/Erth      72%        3d11      1%          3
d - Iskenderun's Mystic   Conj/Tloc      16%        2d5       36%         4
e - Petrify               Tmut/Erth      31%        N/A       8%          4

Your spell library contained the following spells:

 Spells                   Type           Power      Damage    Failure   Level
 Foxfire                  Conj/Fire      64%        2x1d7     3%          1
 Dazzling Flash           Conj/Hex       32%        N/A       11%         3
 Flame Wave               Conj/Fire      16%        2d7       36%         4
 Spellforged Servitor     Conj/Summ      8%         N/A       100%        7


Dungeon Overview and Level Annotations

Branches:
Dungeon (1/1)

Altars:
Elyvilon
Kikubaaqudgha
Sif Muna
Vehumet
Zin
The Shining One


Message History

Memorise Petrify, consuming 4 spell levels and leaving 7?
You start memorising the spell.
You continue memorising. x4
You finish memorising.
Spell assigned to 'e'.
There is a radiant altar of Vehumet here.
Items here: )) [[ †.
n - a +0 dagger
n - a +0 dagger (weapon)
There is a radiant altar of Vehumet here.
You kneel at the altar of Vehumet.
Vehumet welcomes you!
There is an open door here.
You start resting.
Magic restored.
There is a fountain of clear blue water here.
Casting: Stone Arrow (safe; 1% risk of failure)
Confirm with . or Enter, or press ? or * to list all spells.
Okay, then.
You open the door.
A deep elf pyromancer comes into view.
It is wielding a +1 long sword of holy wrath.
Found a potion of curing.
Found three altars.
Casting: Stone Arrow (safe; 1% risk of failure)
Confirm with . or Enter, or press ? or * to list all spells.
Aiming: Stone Arrow (safe; 1% risk of failure)
Press: ? - help, Shift-Dir - straight line, f - deep elf pyromancer
Aim: a deep elf pyromancer, wielding a +1 long sword of holy wrath (asleep, 100% to hit)
The stone arrow hits the deep elf pyromancer!
The deep elf pyromancer is moderately wounded.
The deep elf pyromancer gestures at you while chanting.
The bolt of fire misses you.
Casting: Stone Arrow (safe; 1% risk of failure)
Confirm with . or Enter, or press ? or * to list all spells.
Aiming: Stone Arrow (safe; 1% risk of failure)
Press: ? - help, Shift-Dir - straight line, f/p - deep elf pyromancer
Aim: a deep elf pyromancer, wielding a +1 long sword of holy wrath (moderately wounded, 64% to hit)
The stone arrow hits the deep elf pyromancer!
The deep elf pyromancer is severely wounded.
The deep elf pyromancer casts a spell at you.
The bolt of fire hits you!!
Ouch! That really hurt!
You die...

▓▓▓▓▓▓▓ ▓▓▓ '.....♣♣
♣.#### #......♣ ♣♣.#___
#......♣ ..#e..
#....~.♣♣♣♣.###'#+###+##
#...~~♣.♣.♣.#...@......#
#†.~~~~♣♣.♣.'.⌠........#
#..~≈≈~~~♣..#...######+#
#.~~≈~~~....#.⌠.#
#.~≈~~~.....#...#
#.~~~.......#'###
#...........#.).#
......†.....#___#
▓▓▓▓▓▓▓▓▓▓▓▓▓▓▓▓▓


You could see a deep elf pyromancer.

Vanquished Creatures
  A water elemental (D)
  A scorpion (D)
  Jessica (D)
  A wizard (D)
  A human (D)
  A kobold demonologist (D)
  An endoplasm (D)
  2 rats (D)
9 creatures vanquished.

Notes
Turn   | Place    | Note
-------+----------+-------------------------------------------
     0 | D        | rocky1 the Deep Elf Earth Elementalist began the quest for
                  | the Orb.
     0 | D        | Reached XP level 1. HP: 10/10 MP: 6/6
     6 | D        | Reached skill level 4 in Earth Magic
    31 | D        | Noticed Jessica
    32 | D        | Killed Jessica
    33 | D        | Reached skill level 5 in Spellcasting
    33 | D        | Reached skill level 6 in Earth Magic
    33 | D        | Reached XP level 2. HP: 9/15 MP: 7/10
    35 | D        | Reached XP level 3. HP: 12/19 MP: 6/11
    69 | D        | Learned a level 2 spell: Passwall
    73 | D        | Learned a level 3 spell: Stone Arrow
    97 | D        | Reached skill level 7 in Earth Magic
   135 | D        | Noticed a scorpion
   140 | D        | Killed a scorpion
   141 | D        | Reached skill level 8 in Earth Magic
   141 | D        | Reached XP level 4. HP: 24/24 MP: 10/15
   178 | D        | Noticed a water elemental
   181 | D        | Killed a water elemental
   182 | D        | Reached skill level 9 in Earth Magic
   182 | D        | Reached XP level 5. HP: 28/28 MP: 6/17
   258 | D        | Found a radiant altar of Vehumet.
   258 | D        | Found a shimmering blue altar of Sif Muna.
   258 | D        | Found an ancient bone altar of Kikubaaqudgha.
   260 | D        | Reached skill level 10 in Earth Magic
   264 | D        | Got the Vademecum on Percussion
   273 | D        | Learned a level 4 spell: Iskenderun's Mystic Blast
   278 | D        | Learned a level 4 spell: Petrify
   285 | D        | Became a worshipper of Vehumet
   310 | D        | Found a glowing silver altar of Zin.
   310 | D        | Found a glowing golden altar of the Shining One.
   310 | D        | Found a white marble altar of Elyvilon.
   310 | D        | Noticed a deep elf pyromancer
   312 | D        | Killed from afar by a deep elf pyromancer

Illustrated notes

Levels and vault maps discovered:
D:        dungeon_sprint_mu [sprint_mu_entry_forest, sprint_mu_temple_rooms,
          sprint_mu_d1_horrors, sprint_mu_d2_genie, sprint_mu_d3_branching,
          sprint_mu_orc_legion, sprint_mu_elf_gauntlet, sprint_mu_hive_nellie,
          sprint_mu_lair_fedhas, sprint_mu_vaults_butterflies,
          sprint_mu_slime_circle, sprint_mu_swamp_cave, sprint_mu_shoals_kraken,
          sprint_mu_blade_basic, sprint_mu_crypt_fortress,
          sprint_mu_tomb_spiral, sprint_mu_vestibule_basic,
          sprint_mu_gehenna_hellfire, sprint_mu_dis_giant,
          sprint_mu_tartarus_statrot, sprint_mu_cocytus_islands, sprint_mu_zot1]

Skill      XL: |  1  2  3  4  5 |
---------------+----------------+-----
Earth Magic    | 6 8 9 10 | 10.3
Spellcasting   | 5 7 8 |  8.8
Conjurations   | 2 3 |  3.6
Dodging        | |  2.4
Stealth        | |  2.4
Transmutations | |  1.1

Action                   |  1- 3 |  4- 6 || total
-------------------------+-------+-------++-------
 Cast: Sandblast         |    11 |       ||    11
       Stone Arrow       |       |     6 ||     6
Dodge: Dodged            |     1 |     1 ||     2

Table legend: (Time is in decaauts)
 A = Elapsed time spent in this place.
 B = Non-inter-level travel time spent in this place.
 C = Inter-level travel time spent in this place.
 D = Time resting spent in this place.
 E = Time spent auto-exploring this place.
 F = Levels seen in this place.
 G = Mean time per level.
                   A        B        C        D        E       F      G
               +--------+--------+--------+--------+--------+-----+--------+
         Total |    318 |    309 |      9 |    151 |      1 |   1 |  318.0 |
       Dungeon |    318 |    309 |      9 |    151 |      1 |   1 |  318.0 |
               +--------+--------+--------+--------+--------+-----+--------+

Top non-repeatable levels by time:
       D: 318 daAuts
